AoeStats
← OHW1997

Scandinavia

511012699Analyzed
1v1 RM · 8h ago on Oct 3, 2026· 20m 52s· 2 players
Game mode
Random Map
Map size
Tiny (2 player)
Population
200
Speed
Normal
Resources
Standard
Victory
Conquest
Starting age
Dark Age
Ending age
Imperial Age
RankedLock teamsTeams togetherTeam positionsShared explorationLock speedFull tech treeHidden civsTurbo modeCheats
Victory
Defeat
🇨🇭 Vietnamese · Switzerland
1400
+17
🇬🇧 Vikings · United Kingdom
1427
-17
serrurerie
10:00 Feudal Age
15:02 Castle Age
13:17 Double-Bit Axe
13:24 Loom
13:39 Horse Collar
15:32 Scale Barding Armor
16:12 Forging
OHW1997
11:02 Feudal Age
11:18 Loom
15:01 Castle Age
13:08 Fletching
15:13 Padded Archer Armor
15:51 Crossbowman
16:33 Double-Bit Axe
Connection lost

Rejoining the realm…

Still unreachable

The connection could not be restored.

Session expired

The server has moved on; the page needs a fresh start.